Map: Stasis LE

Players

Future - Winner!

  • Race: Terran Terran
  • League: Grandmaster
  • Spawn Location: 1:00

SpeCial

  • Race: Terran Terran
  • Spawn Location: 11:00

Event: Cheeseadelphia 8

VOD

Have the link to the VOD?

Description

Time

  • Played on: Dec. 9, 2018, 5:22 p.m.
  • Length: 8:47

All games in this series

Show
View Real Time Build Order
Export as new Build Order

Future Terran - Winner!

Build Orders:  

Get SALT Encoding   

  12  0:00  SCV  
  13  0:12  SCV  
  14  0:18  Supply Depot  
  14  0:24  SCV  
  15  0:29  Refinery  
  15  0:40  SCV  
  16  0:46  Barracks  
  16  0:52  SCV  
  17  0:58  Refinery  
  17  1:04  SCV  
  18  1:16  SCV  
  19  1:33  Orbital Command  
  19  1:34  Factory  
  19  1:37  Reaper  
  20  1:46  Supply Depot  
  20  1:58  SCV  
  21  2:09  Reaper  
  21  2:10  SCV  
  23  2:19  Hellion  
  25  2:23  SCV  
  26  2:30  Command Center  
  26  2:35  SCV  
  27  2:40  Factory Tech Lab  
  27  2:42  Barracks Reactor  
  27  2:47  SCV  
  27  2:51  Starport  
  28  2:59  SCV  
  27  3:07  Cyclone  
  27  3:11  SCV  
  31  3:13  Supply Depot  
  31  3:22  Marine  
  31  3:29  Starport Tech Lab  
  31  3:34  Marine, SCV  
  31  3:35  Refinery  
  31  3:40  Marine  
  37  3:44  Orbital Command  
  37  3:46  SCV  
  37  3:47  Raven  
  37  3:52  Marine  
  38  3:59  SCV  
  38  4:02  Marine  
  40  4:03  Siege Tank  
  42  4:10  SCV  
  42  4:11  Marine, SCV  
  42  4:14  Supply Depot  
  45  4:21  Marine  
  45  4:22  SCV  
  45  4:23  SCV  
  48  4:29  Marine  
  49  4:34  SCV  
  49  4:35  SCV  
  49  4:37  Supply Depot  
  51  4:40  Siege Tank  
  54  4:47  SCV  
  55  4:53  Viking x2  
  55  4:56  SCV  
  55  4:59  SCV  
  61  5:01  Supply Depot  
  61  5:07  Stimpack  
  61  5:14  Refinery  
  62  5:15  Siege Tank  
  62  5:17  SCV x2  
  66  5:23  Marine  
  66  5:25  Viking  
  69  5:29  Viking  
  69  5:32  SCV  
  72  5:37  Supply Depot  
  72  5:39  SCV  
  72  5:41  Supply Depot  
  73  5:44  SCV  
  74  5:51  Marine, Siege Tank  
  78  5:58  SCV x2  
  78  5:59  Viking  
  82  6:09  Marine  
  83  6:13  Viking  
  83  6:17  Supply Depot  
  85  6:23  Siege Tank  
  88  6:29  Viking  
  90  6:39  Marine  
  91  6:43  Viking, SCV x2  
  95  6:59  Viking, Siege Tank  
  100  7:02  Command Center  
  100  7:13  Viking  
  100  7:14  SCV  
  100  7:17  Supply Depot x2  
  94  7:26  Marine  
  94  7:28  Liberator  
  94  7:29  Viking  
  95  7:31  Siege Tank  
  98  7:40  Engineering Bay x2  
  96  7:44  Marine  
  100  7:59  Viking  
  100  8:02  Barracks, Marine  
  100  8:04  Barracks  
  103  8:11  Siege Tank  
  103  8:15  SCV x2  
  86  8:20  Marine  
Show
View Real Time Build Order
Export as new Build Order

SpeCial Terran 

Build Orders:  

Get SALT Encoding   

  12  0:00  SCV  
  13  0:12  SCV  
  14  0:17  Supply Depot  
  14  0:25  SCV  
  15  0:29  Refinery  
  15  0:39  SCV  
  16  0:45  Barracks  
  16  0:51  SCV  
  16  0:55  Refinery  
  17  1:03  SCV  
  18  1:15  SCV  
  19  1:33  Factory, Reaper  
  19  1:38  Orbital Command  
  20  1:48  Supply Depot  
  20  2:03  SCV  
  20  2:07  Reaper  
  22  2:15  SCV  
  22  2:17  Hellion  
  24  2:28  SCV  
  25  2:37  Command Center  
  25  2:41  Widow Mine  
  25  2:43  SCV  
  28  2:45  Barracks Reactor  
  27  3:01  SCV  
  27  3:02  Supply Depot  
  27  3:04  Hellion  
  27  3:15  Starport  
  27  3:18  SCV  
  28  3:22  Marine x2  
  28  3:26  Factory Tech Lab  
  30  3:30  SCV  
  31  3:40  Marine x2  
  33  3:42  SCV  
  33  3:46  Supply Depot  
  34  3:52  Factory Tech Lab  
  34  3:55  SCV  
  35  3:58  Marine x2  
  35  4:00  Raven  
  39  4:07  SCV  
  40  4:14  Cyclone  
  40  4:15  Marine  
  40  4:16  Marine  
  45  4:19  SCV  
  45  4:22  Supply Depot  
  46  4:31  SCV  
  46  4:37  Orbital Command  
  45  4:43  Raven, SCV  
  48  4:49  Siege Tank  
  51  4:56  SCV  
  52  5:01  Marine  
  52  5:02  Marine  
  52  5:04  SCV  
  55  5:08  SCV  
  55  5:13  Command Center  
  56  5:17  SCV  
  56  5:20  Refinery, SCV  
  58  5:23  Siege Tank  
  61  5:29  SCV  
  61  5:32  SCV  
  61  5:33  Supply Depot  
  63  5:38  Viking  
  63  5:40  Viking  
  67  5:43  SCV  
  67  5:44  Marine, SCV  
  70  5:51  Refinery  
  68  5:59  SCV x2  
  68  6:02  Marine  
  68  6:03  Siege Tank  
  73  6:10  Viking  
  73  6:11  SCV x2  
  73  6:13  Supply Depot  
  73  6:18  Viking  
  75  6:20  Marine  
  75  6:23  SCV x2  
  78  6:32  Supply Depot  
  79  6:35  SCV  
  79  6:38  Marine  
  80  6:41  Orbital Command  
  80  6:42  Viking  
  80  6:44  SCV  
  82  6:47  Viking, SCV  
  85  6:55  Marine  
  85  6:56  SCV  
  85  6:58  Supply Depot x2  
  85  6:59  SCV  
  88  7:03  Siege Tank  
  90  7:12  SCV  
  90  7:13  Marine, SCV  
  90  7:16  Viking  
  90  7:28  Viking  
  87  7:30  SCV x2  
  87  7:31  Marine  
  89  7:37  Siege Tank  
  89  7:43  SCV x2  
  88  7:46  Viking  
  88  7:48  SCV  
  88  7:49  Marine  
  89  7:55  SCV  
  89  7:58  Viking  
  91  7:59  SCV  
  91  8:00  SCV  
  92  8:07  Marine, SCV  
  92  8:09  Siege Tank  
  92  8:11  SCV  
  98  8:15  Viking  
  58  8:24  Marine  
Tags
 
Add a new tag
Caveats
  • Supply blocks, unpowered buildings, or Contaminate may cause inaccurate times.
  • Supply counts are checked every 10 seconds.